 Seeded DCSS version 0.30.1-9-gdf580d7c3d (webtiles) character file.

Game seed: 4823527422771743001 (custom seed)

184 Psyclone the Magician (level 5, 28/28 HPs)
             Began as a Deep Elf Air Elementalist on Sept 25, 2023.
             Was an Initiate of Ashenzari.
             Quit the game in a sewer.
             The game lasted 00:11:07 (3072 turns).

Psyclone the Magician (Deep Elf Air Elementalist)   Turns: 3072, Time: 00:11:08

Health: 28/28      AC:  2    Str:  5    XL:     5   Next: 36%
Magic:  14/14      EV: 12    Int: 22    God:    Ashenzari [......]
Gold:   1348       SH:  0    Dex: 15    Spells: 11/14 levels left

rFire   . . .        r - +4 long sword
rCold   . . .        (no shield)
rNeg    . . .        a - +0 robe
rPois   .            (no helmet)
rElec   .            (no cloak)
rCorr   .            (no gloves)
SInv    +            (no boots)
Will    .....        (no amulet)
Stlth   +            d - ring of wizardry
HPRegen 0.24/turn    h - ring of see invisible
MPRegen 0.14/turn

%: wizardry (x1)
@: very slow
A: no striking features
a: Renounce Religion


You were in a sewer.
You worshipped Ashenzari.
Ashenzari was noncommittal.
You visited 1 branch of the dungeon, and saw 3 of its levels.
You also visited: Sewer.

You collected 1348 gold pieces.

Inventory:

Hand Weapons
 r - a +4 long sword (weapon)
Missiles
 k - 2 throwing nets {!f}
Armour
 a - a +0 robe (worn)
Jewellery
 d - a ring of wizardry (left hand)
 h - a ring of see invisible (right hand)
 s - an amulet of faith
Wands
 q - a wand of flame (20)
Scrolls
 f - a scroll of fear {unknown}
 g - a scroll of teleportation {unknown}
 i - 4 scrolls of identify {unknown}
 j - a scroll of enchant armour {unknown}
 m - 2 scrolls of noise {unknown}
 n - a scroll of immolation {unknown}
 o - a scroll of amnesia {unknown}
 t - 2 scrolls of blinking {unknown}
Potions
 b - a potion of magic
 c - a potion of flight {unknown}
 e - 2 potions of curing {unknown}
 l - a potion of resistance {unknown}
 p - a potion of attraction {unknown}


   Skills:
 - Level 2.4 Dodging
 - Level 2.4 Stealth
 + Level 5.0 Spellcasting
 + Level 3.4 Conjurations
 + Level 4.2 Air Magic


You had 11 spell levels left.
You knew the following spells:

 Your Spells              Type           Power      Damage    Failure   Level
a - Shock                 Conj/Air       88%        1d8       1%          1
b - Static Discharge      Conj/Air       44%        2-4/arc   1%          2

Your spell library contained the following spells:

 Spells                   Type           Power      Damage    Failure   Level
 Swiftness                Air            24%        N/A       2%          3
 Airstrike                Air            12%        2d(2-18)  7%          4


Dungeon Overview and Level Annotations

Branches:
Dungeon (3/15) Zot: 15124   Sewer (1/1) Zot: 5789

Altars:
Ashenzari
Dithmenos

Shops:
D:2 :?*   D:3 (


Message History

The river rat is severely wounded.
The river rat bites you.
* * * LOW HITPOINT WARNING * * *
The river rat bites you.
* * * LOW HITPOINT WARNING * * *
You take 4 damage, and have 7/28 hp.
Casting: Static Discharge (safe; 1% risk of failure)
Confirm with . or Enter, or press ? or * to list all spells.
The river rat is struck by an arc of lightning.
You kill the river rat!
You are struck by an arc of lightning.
* * * LOW HITPOINT WARNING * * *
The lightning grounds out.
Your Spellcasting skill increases to level 5!
You take 3 damage, and have 4/28 hp.
You now have 5/14 mp.
You see here a river rat corpse.
There is a glowing drain here.
The world spins around you as you enter the gateway.
You enter a sewer!
Found a gate leading back out of this place.
There is an empty arch of ancient stone here.
You start resting.
Magic restored.
You regained 13 hp, and now have 19/28 hp.
MP restored: 14 You start resting.
HP restored.
Health restored: 28 You start waiting.
Done waiting.
Why would you want to do that? Why would you want to do that?
Why would you want to do that?
You enter the shallow water.
Moving in this stuff is going to be slow.
Why would you want to do that? Why would you want to do that?
You enter the shallow water.
Moving in this stuff is going to be slow.
Are you sure you want to abandon this character and quit the game? (Confirm with "yes".)

#######################
##...#≈≈≈≈≈≈≈≈≈≈≈≈≈≈~..#
#....~≈~~≈≈≈≈.~~≈≈≈≈≈~..
#..∩.~~~~~~≈~~~≈≈≈~≈≈~..
#..∩..≈~~~~~≈~#~~~~~~~..
#....~≈≈≈~~≈~≈~.@≈~~~~..
##...#≈≈≈≈≈≈≈≈≈≈≈≈≈≈~...
######################.


There were no monsters in sight!

Vanquished Creatures
  8 adders
  3 river rats (D:3)
  3 worms (D:3)
  3 dart slugs (D:1)
  An orc (D:3)
  9 endoplasms
  6 giant cockroaches
  5 hobgoblins
  4 jackals (D:2)
  3 quokkas
  4 ball pythons
  7 bats
  4 frilled lizards (D:1)
  4 goblins
  2 kobolds
  7 rats
73 creatures vanquished.

Notes
Turn   | Place    | Note
-------+----------+-------------------------------------------
     0 | D:1      | Psyclone the Deep Elf Air Elementalist began the quest for
                  | the Orb.
     0 | D:1      | Reached XP level 1. HP: 10/10 MP: 6/6
   231 | D:1      | Reached XP level 2. HP: 15/15 MP: 4/8
   459 | D:1      | Learned a level 2 spell: Static Discharge
   799 | D:1      | Reached XP level 3. HP: 19/19 MP: 6/10
  1344 | D:2      | Found Ujaseina's Book Boutique.
  1416 | D:2      | Reached skill level 4 in Spellcasting
  1534 | D:2      | Reached XP level 4. HP: 18/24 MP: 1/12
  1637 | D:2      | Found Raurchekh's General Store.
  1986 | D:2      | Found Sepir's Magic Scroll Shoppe.
  2024 | D:2      | Found a shadowy altar of Dithmenos.
  2397 | D:3      | Found Vucadut's Weapon Shop.
  2756 | D:3      | Found a broken altar of Ashenzari.
  2761 | D:3      | Reached XP level 5. HP: 28/28 MP: 3/14
  2804 | D:3      | Became a worshipper of Ashenzari the Shackled
  2805 | D:3      | Identified a scroll of acquirement
  2809 | D:3      | Acquired 1202 gold pieces
  2855 | D:3      | Found a glowing drain.
  2862 | D:3      | Reached skill level 5 in Spellcasting
  2867 | Sewer    | Entered a sewer
  3072 | Sewer    | Quit the game

Illustrated notes

Levels and vault maps discovered:
D:1:      dpeg_arrival_radiant, layout_loops_ring, minmay_octomino_j4
D:2:      layout_basic, serial_shops, shop, nicolae_shop_rolled_up, shop,
          basic_altar, amcnicky_mini_rare_corridor_liquid
D:3:      layout_basic, lemuel_tele_altar, ashenzari_conservatory_becter,
          lightli_sewer_entry_pipes, serial_shops, nicolae_shop_trees,
          uniq_robin
Sewer:    sewer_minmay_w

Skill      XL: |  1  2  3  4  5 |
---------------+----------------+-----
Conjurations   | 2 3 |  3.4
Spellcasting   | 4 5 |  5.0
Air Magic      | 4 |  4.2
Dodging        | |  2.4
Stealth        | |  2.4

Action                     |  1- 3 |  4- 6 || total
---------------------------+-------+-------++-------
  Melee: Long sword        |       |     5 ||     5
   Cast: Shock             |    89 |    50 ||   139
         Static Discharge  |     2 |     5 ||     7
    Use: Scroll            |       |     2 ||     2
 Armour: Robe              |     2 |     4 ||     6
  Dodge: Dodged            |     9 |    14 ||    23
